 Dungeon Crawl Stone Soup version 0.28.0-53-g5a82cb258f (webtiles) character file.

Game seed: 17650970038286704322

4125 Infinimo the Fighter (level 10, -9/166 HPs)
             Began as an Ogre Berserker on June 4, 2022.
             Was a Priest of Trog.
             Mangled by a wolf (10 damage)
             ... led by Grum
             ... on level 7 of the Dungeon.
             The game lasted 00:06:55 (10313 turns).

Infinimo the Fighter (Ogre Berserker)              Turns: 10313, Time: 00:06:55

Health: -9/166     AC:  3    Str: 27    XL:     10   Next: 27%
Magic:  10/10      EV: 11    Int:  8    God:    Trog [***...]
Gold:   386        SH:  0    Dex:  8    Spells: 9/9 levels left

rFire   . . .      SeeInvis .   o - +0 flail (venom)
rCold   . . .      Faith    .   (no shield)
rNeg    . . .      Spirit   .   b - +0 animal skin
rPois   .          Reflect  .   (helmet restricted)
rElec   .          Harm     .   (no cloak)
rCorr   .          Rampage  .   (gloves unavailable)
Will    +....                   (boots unavailable)
Stlth   ..........              (no amulet)
HPRegen 0.37/turn               (no ring)
MPRegen 0.12/turn               (no ring)

@: berserking, very quick
A: large, unfitting armour, tough skin 1
a: Renounce Religion, Berserk, Trog's Hand


You were on level 7 of the Dungeon.
You worshipped Trog.
Trog was most pleased with you.
You visited 1 branch of the dungeon, and saw 8 of its levels.

You collected 386 gold pieces.

Inventory:

Hand Weapons
 o - a +0 flail of venom (weapon)
Missiles
 c - 5 boomerangs of dispersal (quivered)
 v - 12 poisoned darts
 y - a curare-tipped dart
Armour
 b - a +0 animal skin (worn)
Jewellery
 i - a ring of see invisible
 s - an amulet of faith
Wands
 g - a wand of paralysis (6)
 h - a wand of digging (5)
 r - a wand of mindburst (7)
Scrolls
 a - a scroll of blinking {unknown}
 d - a scroll of torment
 e - a scroll of teleportation
 f - 4 scrolls of fear
 l - a scroll of identify {unknown}
 t - 2 scrolls of enchant weapon {unknown}
Potions
 j - 4 potions of curing {unknown}
 k - a potion of magic {unknown}
 m - a potion of mutation {unknown}
 n - 3 potions of haste
 p - 2 potions of attraction {unknown}
 q - a potion of ambrosia {unknown}
 u - a potion of lignification {unknown}
 w - a potion of resistance {unknown}
 x - a potion of heal wounds {unknown}


   Skills:
 + Level 10.3 Fighting
 * Level 9.9 Maces & Flails
 + Level 7.2 Dodging


You had 9 spell levels left.
You didn't know any spells.
Your spell library was empty.

Dungeon Overview and Level Annotations

Branches:
Dungeon (8/15)             Temple (0/1) D:7
   Lair: D:8-11

Altars:
Fedhas
Gozag
Okawaru
Qazlal
Sif Muna
Trog
Xom
The Shining One

Shops:
D:4 *

Annotations:
D:4 2 transporters
D:8 Grum


Innate Abilities, Weirdness & Mutations

You are too large for most types of armour.
You have tough skin. (AC +1)


Message History

The wolf barely misses you.
You are too injured to fight recklessly!
A red film seems to cover your vision as you go berserk!
You feel yourself moving faster!
You feel mighty! The wolf bites you! The wolf bites you. x2
You closely miss the wolf. The wolf bites you but does no damage.
The wolf bites you!
You hit the wolf.
The wolf is lightly wounded.
The wolf barely misses you. The wolf bites you.
* * * LOW HITPOINT WARNING * * *
You barely miss the wolf.
The wolf is lightly wounded.
The wolf bites you!
* * * LOW HITPOINT WARNING * * *
The wolf bites you but does no damage.
You barely miss the wolf.
The wolf is lightly wounded.
The wolf bites you!
* * * LOW HITPOINT WARNING * * *
The wolf bites you!
* * * LOW HITPOINT WARNING * * *
You closely miss the wolf.
The wolf is lightly wounded.
The wolf barely misses you. The wolf bites you!
* * * LOW HITPOINT WARNING * * *
You closely miss the wolf.
The wolf is lightly wounded.
The wolf bites you but does no damage. The wolf barely misses you.
You barely miss the wolf.
The wolf is lightly wounded.
The wolf bites you.
* * * LOW HITPOINT WARNING * * *
The wolf bites you but does no damage.
You sock the wolf!
The wolf is poisoned.
The wolf is severely wounded.
The wolf bites you!
* * * LOW HITPOINT WARNING * * *
The wolf bites you!
You die...

.........#....#......##..######.#
.........#....'.......#........##
.........#...##..##...#..##....#.
.........#...######...#..#####...
.........#.......##..###### #.⌠.
####.....#.......##'##....####...
#.....#...###'##..#....#.....(
#....)#...##h.##..#....#.⌠..>.
#....))).....@h...#....#......
#.....#.......##..#....####...
#.....#.......##..#.....# #.⌠.
#.....##########..#.....###...
#..............#..#...........
######.........#..............
#..)......)))..)..######.
#..)....)))##.##..)....##
######..).....#..#.#..#.......


You could see 2 wolves.

Vanquished Creatures
  The ghost of H0rd4k the Charlatan, a novice HuAr (D:5)
  Sigmund (D:3)
  4 yaks (D:6)
  A wraith (D:5)
  A steam dragon (D:7)
  Menkaure (D:5)
  2 water moccasins
  2 ice beasts (D:6)
  2 sky beasts
  A necrophage (D:4)
  2 ogres
  2 centaurs
  A wolf (D:8)
  2 kobold brigands
  2 bullfrogs (D:7)
  A water moccasin zombie (D:5)
  A scorpion (D:4)
  A water moccasin skeleton (D:5)
  7 wights (D:7)
  3 howler monkeys
  5 hounds
  3 jellies
  An orc priest (D:5)
  2 bullfrog skeletons
  3 centaur skeletons
  Ijyb (D:3)
  4 iguanas
  4 orc wizards
  A killer bee zombie (D:7)
  5 adders
  A shadow imp (D:6)
  2 ufetubi (D:5)
  A worm (D:5)
  2 dart slugs
  23 orcs
  4 bats
  6 endoplasms
  4 giant cockroaches
  4 hobgoblins
  4 jackals (D:1)
  3 quokkas
  5 ball pythons
  4 frilled lizards
  3 goblins
  14 kobolds
  2 rats (D:1)
149 creatures vanquished.

Vanquished Creatures (others)
  15 fungi (D:5)
15 creatures vanquished.

Grand Total: 164 creatures vanquished

Notes
Turn   | Place    | Note
-------+----------+-------------------------------------------
     0 | D:1      | Infinimo the Ogre Berserker began the quest for the Orb.
     0 | D:1      | Reached XP level 1. HP: 24/24 MP: 1/1
   315 | D:1      | Reached XP level 2. HP: 30/32 MP: 2/2
   624 | D:1      | Found a faded altar of an unknown god.
  1049 | D:2      | Reached XP level 3. HP: 37/40 MP: 3/3
  1353 | D:2      | Found a stormy altar of Qazlal.
  1457 | D:2      | Reached XP level 4. HP: 47/49 MP: 4/4
  1864 | D:3      | Noticed Sigmund
  1872 | D:3      | Killed Sigmund
  1873 | D:3      | Reached skill level 5 in Fighting
  1873 | D:3      | Reached XP level 5. HP: 57/57 MP: 5/5
  1873 | D:3      | Reached XP level 6. HP: 66/66 MP: 6/6
  2153 | D:3      | Noticed Ijyb
  2162 | D:3      | Killed Ijyb
  2616 | D:4      | Noticed a wyvern
  2617 | D:4      | Found a bloodstained altar of Trog.
  2622 | D:4      | Reached skill level 5 in Maces & Flails
  2932 | D:4      | Found Suosiare's Elemental Accessories.
  3091 | D:4      | Found a transporter.
  3097 | D:3      | Reached skill level 6 in Fighting
  3395 | D:4      | Found a transporter.
  3519 | D:4      | Found an opulent altar of Gozag.
  3527 | D:4      | Reached XP level 7. HP: 57/75 MP: 7/7
  3615 | D:4      | Reached ** piety under Trog
  4398 | D:5      | Entered Level 5 of the Dungeon
  4982 | D:5      | Noticed Menkaure
  4993 | D:5      | Killed Menkaure
  5000 | D:5      | Reached skill level 7 in Fighting
  5000 | D:5      | Reached XP level 8. HP: 45/87 MP: 8/8
  5337 | D:5      | Found an iron altar of Okawaru.
  5629 | D:5      | Noticed a wraith
  5640 | D:5      | Killed a wraith
  5641 | D:5      | Reached skill level 5 in Dodging
  5816 | D:5      | Found a runed translucent gate.
  5817 | D:5      | Found a runed translucent gate.
  5818 | D:5      | Found a runed translucent gate.
  5820 | D:5      | Noticed H0rd4k's ghost (novice HuAr)
  5885 | D:5      | Identified the +1 ring mail "Daacvo" {Int+2}
  6638 | D:5      | Killed H0rd4k's ghost
  6639 | D:5      | Reached skill level 8 in Fighting
  6878 | D:6      | Reached XP level 9. HP: 96/96 MP: 9/9
  7340 | D:6      | Found a shimmering blue altar of Sif Muna.
  7353 | D:6      | Found a blossoming altar of Fedhas.
  7389 | D:6      | Reached skill level 9 in Fighting
  8672 | D:7      | Found a shimmering altar of Xom.
  8723 | D:7      | Reached *** piety under Trog
  8758 | D:7      | Reached XP level 10. HP: 106/110 MP: 10/10
  8777 | D:7      | Reached skill level 10 in Fighting
  9834 | D:7      | Found a staircase to the Ecumenical Temple.
  9872 | D:7      | Found a glowing golden altar of the Shining One.
 10281 | D:8      | Noticed Grum
 10313 | D:7      | HP: 1/166 [wolf[Grum] (10)]
 10313 | D:7      | Mangled by a wolf

Illustrated notes

Levels and vault maps discovered:
D:1:      minmay_arrival_cross, layout_loops_ring,
          hellmonk_ecumenical_altar_run_dry, minmay_pentomino_v4
D:2:      layout_loops_ring, basic_altar
D:3:      layout_basic, uniq_sigmund, uniq_ijyb
D:4:      layout_layer_cave, nicolae_gozag_cash_rules_everything_around_me,
          gammafunk_temple_overflow_arena, nicolae_elemental_shop
D:5:      layout_loops_ring, okawaru_trees_1, serial_aquarium,
          aquarium_bridge_island_small [aquarium_subvault_small_open,
          aquarium_subvault_wall, aquarium_subvault_bridge,
          aquarium_subvault_bridge, aquarium_subvault_wall],
          aquarium_bridge_square [aquarium_subvault_bridge,
          aquarium_subvault_window, aquarium_subvault_bridge,
          aquarium_subvault_bridge], aquarium_window_1, aquarium_window_corner,
          aquarium_window_fake, aquarium_window_fake, aquarium_view_2f,
          aquarium_balcony_1a, aquarium_pool_2, gammafunk_ghost_necromancy,
          uniq_menkaure
D:6:      layout_cave_pools, fedhas_bush_and_centaur_altar,
          mainiacjoe_overflow_paths
D:7:      layout_gridville, mainiacjoe_overflow_small_starburst, tso_altar,
          minmay_temple_entry_junction
D:8:      layout_rooms, pf_just_have_faith, old_standard_altar, special_room
          [special_room_orc], minmay_misc_feat_pillars, uniq_grum, uniq_pikel

Skill      XL: |  1  2  3  4  5  6  7  8  9 10 |
---------------+-------------------------------+-----
Maces & Flails | 3 4 5 6 7 9 |  9.9
Dodging        | 3 4 5 6 7 |  7.2
Fighting       | 5 6 7 8 9 10 | 10.3

Action                   |  1- 3 |  4- 6 |  7- 9 | 10-12 || total
-------------------------+-------+-------+-------+-------++-------
Melee: Mace              |    82 |   120 |    47 |       ||   249
       Punch             |     1 |     1 |     4 |       ||     6
       Flail             |       |       |   203 |    93 ||   296
Throw: Boomerang         |     1 |       |       |       ||     1
Invok: Berserk           |     2 |     5 |     9 |     2 ||    18
  Use: Scroll            |       |       |     5 |       ||     5
Armor: Animal skin       |    23 |    28 |    56 |    13 ||   120
Dodge: Dodged            |    57 |    59 |   127 |    49 ||   292
